 Dungeon Crawl Stone Soup version 0.17-a0-2115-g0d8b93e (webtiles) character file.

2035 Arkorax the Basher (level 9, 0/105 HPs)
             Began as an Ogre Berserker on Oct 20, 2015.
             Was a Priest of Trog.
             Slain by an orc warrior
             ... wielding a +0 trident
              (18 damage)
             ... on level 7 of the Dungeon.
             The game lasted 00:11:09 (7311 turns).

Arkorax the Basher (Ogre Berserker)                 Turns: 7311, Time: 00:11:09

Health: 0/105      AC:  3    Str: 27    XL:     9   Next: 24%
Magic:  0/9        EV: 10    Int:  6    God:    Trog [***...]
Gold:   306        SH:  0    Dex:  9    Spells: 0 memorised, 8 levels left

rFire  . . .     SeeInvis .     A - +1 mace (crush)
rCold  . . .     Clarity  .     b - +0 animal skin
rNeg   . . .     SustAt   .     (no shield)
rPois  .         Gourm    .     (helmet restricted)
rElec  .         Spirit   +     (no cloak)
rCorr  .         Warding  .     (gloves unavailable)
rMut   .         Stasis   .     (boots unavailable)
MR     +++..                    r - amulet of guardian spirit
Stlth  ++........               w - ring of protection from magic
                                y - ring of stealth

@: lethally poisoned (0 -> -5), regenerating, extremely resistant to hostile
enchantments, unstealthy
A: unfitting armour, tough skin 1
a: Berserk, Trog's Hand, Burn Spellbooks, Renounce Religion


You were on level 7 of the Dungeon.
You worshipped Trog.
Trog was most pleased with you.
You were not hungry.

You visited 1 branch of the dungeon, and saw 7 of its levels.

You collected 306 gold pieces.

Inventory:

Hand Weapons
 A - a +1 mace of crushing (weapon)
 D - the +3 trident of Doom {antimagic, rElec Str+3}
   (You found it on level 5 of the Dungeon)

   It disrupts the flow of magical energy around spellcasters and certain
   magical creatures (including the wielder).
   It affects your strength (+3).
   It insulates you from electricity.
 F - a +0 giant spiked club
Armour
 b - a +0 animal skin (worn)
Jewellery
 r - an amulet of guardian spirit (around neck)
 w - a ring of protection from magic (right hand)
 y - a ring of stealth (left hand)
Scrolls
 a - a scroll of fog {unknown}
 e - a scroll of blinking
 g - a scroll of magic mapping {unknown}
 h - a scroll of amnesia {unknown}
 i - 7 scrolls of identify
 j - a scroll of recharging
 k - a scroll of enchant armour {unknown}
 l - a scroll of random uselessness {unknown}
 m - 3 scrolls of teleportation {unknown}
 n - 2 scrolls of noise {unknown}
 s - 3 scrolls of remove curse
 t - a scroll of fear {unknown}
Potions
 d - 2 potions of lignification {unknown}
 f - 3 potions of mutation {unknown}
 o - a potion of heal wounds {unknown}
 q - a potion of degeneration {unknown}
 v - 3 potions of agility {unknown}
 x - a potion of flight {unknown}
 B - a potion of curing {unknown}
 E - a potion of resistance {unknown}
Books
 C - a book of Cantrips

   Spells                             Type                      Level
   a - Corona                         Hexes                        1
   b - Animate Skeleton               Necromancy                   1
   c - Summon Small Mammal            Summoning                    1
   d - Apportation                    Translocation                1
   Trog disapproves of the use of such an item.
Comestibles
 c - a bread ration
 p - 3 meat rations
 u - 2 beef jerkies
 z - a slice of pizza


   Skills:
 + Level 11.2 Fighting
 + Level 11.6 Maces & Flails
 - Level 2.6 Dodging


You had 8 spell levels left.
You didn't know any spells.

Dungeon Overview and Level Annotations

Branches:
Dungeon (7/15)             Temple (0/1) D:6

Altars:
Cheibriados
Dithmenos
Makhleb
Ru
Trog
Vehumet

Shops:
D:6 [


Innate Abilities, Weirdness & Mutations

You are too large for most types of armour.
You have tough skin (AC +1).


Message History

* * * LOW HITPOINT WARNING * * *
You are more poisoned.
The killer bee poisons you!
You are too injured to fight recklessly!
Use which ability?
You fail to use your ability.
You feel sick. The killer bee barely misses you. The killer bee stings you.
* * * LOW HITPOINT WARNING * * *
Use which ability?
Your ogre goes berserk!
You feel somewhat more hungry.
You can no longer call in reinforcements.
You feel sick. The killer bee stings you.
* * * LOW HITPOINT WARNING * * *
The killer bee stings you!
* * * LOW HITPOINT WARNING * * *
You are more poisoned.
The killer bee poisons you!
The orc warrior hits you from afar with a trident!!
You die...

.. ..#...##.#... ..
............
#.##.y.....#...
#..............
#............
##..#Z##..###
#.........# ##...
#....###.o#### .....
#....###.yy@.# #...#
#... #........O##.##
#.#.# #...
##..####..##... #.#.##
#... #..
#..##....##....# #...
### ##..##....#
#...###...
#....###.#####<..).[).
#.#...##..##....####..
#.#...###.......# ##..
#.....#...##...## #...


You could see an orc warrior, 2 killer bees, a hound zombie (wandering) and a
friendly ogre (berserk).

Vanquished Creatures
  The ghost of Vex the Ruffian, a novice TrMo of Okawaru (D:6)
  The ghost of ldierk the Chopper, an amateur HOFi (D:3)
  2 centaurs (D:5)
  4 ogres
  2 scorpions (D:5)
  A killer bee (D:7)
  A crimson imp (D:6)
  A hound (D:4)
  A jelly (D:5)
  A quasit (D:5)
  3 orc priests
  3 orc wizards
  Natasha (twice) (D:4)
  An iguana (D:7)
  A worker ant (D:5)
  3 hound skeletons
  8 adders
  7 gnolls
  2 shadow imps (D:5)
  6 oozes
  4 worms
  7 giant geckos
  14 orcs
  4 ball pythons
  9 bats
  6 giant cockroaches
  9 hobgoblins
  9 jackals
  5 quokkas
  3 giant newts
  8 goblins
  10 kobolds
  6 rats
145 creatures vanquished.

Vanquished Creatures (others)
  A bat (D:1)
  A goblin (D:1)
2 creatures vanquished.

Grand Total: 147 creatures vanquished

Notes
Turn   | Place    | Note
--------------------------------------------------------------
     0 | D:1      | Arkorax the Ogre Berserker began the quest for the Orb.
     0 | D:1      | Reached XP level 1. HP: 24/24 MP: 1/1
   183 | D:1      | Reached XP level 2. HP: 30/32 MP: 2/2
   383 | D:1      | Reached skill level 5 in Maces & Flails
   398 | D:1      | HP: 2/49 [gnoll/spear (5)]
   399 | D:1      | Reached XP level 3. HP: 2/40 MP: 3/3
   715 | D:1      | Reached ** piety under Trog
   987 | D:1      | Reached skill level 5 in Fighting
  1072 | D:2      | Reached XP level 4. HP: 47/50 MP: 4/4
  1463 | D:2      | Found a shadowy altar of Dithmenos.
  1892 | D:2      | Found a radiant altar of Vehumet.
  2118 | D:3      | Noticed ldierk's ghost (amateur HOFi)
  2127 | D:3      | Killed ldierk's ghost
  2127 | D:3      | Reached skill level 6 in Fighting
  2127 | D:3      | Reached XP level 5. HP: 28/61 MP: 5/5
  2127 | D:3      | Reached XP level 6. HP: 31/68 MP: 6/6
  2538 | D:3      | Reached *** piety under Trog
  2707 | D:3      | Reached skill level 7 in Fighting
  2817 | D:3      | Found a bloodstained altar of Trog.
  3398 | D:3      | Found a burning altar of Makhleb.
  3398 | D:3      | Noticed a blizzard demon
  3521 | D:4      | Reached XP level 7. HP: 75/78 MP: 7/7
  3583 | D:4      | Reached skill level 8 in Fighting
  4151 | D:4      | Noticed Natasha
  4157 | D:4      | Killed Natasha
  4248 | D:4      | Noticed Natasha
  4252 | D:4      | Killed Natasha
  4502 | D:5      | Entered Level 5 of the Dungeon
  4849 | D:5      | Reached skill level 9 in Maces & Flails
  5114 | D:5      | Reached XP level 8. HP: 57/92 MP: 8/8
  5849 | D:5      | Reached **** piety under Trog
  6149 | D:5      | Got an encrusted trident
  6150 | D:5      | Identified the +3 trident of Doom {antimagic, rElec Str+3} (You found it on level 5 of the Dungeon)
  6438 | D:5      | Found a snail-covered altar of Cheibriados.
  6544 | D:5      | Reached skill level 10 in Maces & Flails
  6630 | D:6      | Found Waujecob's Antique Armour Emporium.
  6688 | D:6      | Found a burning altar of Makhleb.
  6696 | D:6      | Found a staircase to the Ecumenical Temple.
  6839 | D:6      | Found a sacrificial altar of Ru.
  6842 | D:6      | Noticed Vex's ghost (novice TrMo)
  6858 | D:6      | Killed Vex's ghost
  6858 | D:6      | Reached skill level 10 in Fighting
  6858 | D:6      | Reached skill level 11 in Maces & Flails
  6858 | D:6      | Reached XP level 9. HP: 88/102 MP: 4/9
  7311 | D:7      | Slain by an orc warrior

Vault maps used:
D:1:      mrwooster_arrival_arrow, lemuel_old_faithful
D:2:      lemuel_coloured_pillars_altar, nicolae_overflow_crystal_walls
D:3:      lemuel_crystal_altar, makhleb_altar_promises_db
D:4:      lemuel_upstairs_altar, first_bread, uniq_natasha
D:5:      cheibrodos_worm_habitat
D:6:      nicolae_ru_awakened_eye, overflow_temple_1_default,
          minmay_temple_entry_mist, serial_shops, shop
D:7:      lemuel_slime, lemuel_mausoleum_altar_kikubaaqudgha,
          grunt_ministairs_14, kennysheep_generic_room_6

Action                   |  1- 3 |  4- 6 |  7- 9 || total
-------------------------+-------+-------+-------++-------
Melee: Mace              |   128 |   201 |   225 ||   554
Invok: Berserk           |     1 |     3 |     4 ||     8
       Trog's Hand       |       |       |     1 ||     1
       Brothers in Arms  |       |       |     1 ||     1
  Use: Scroll            |       |     4 |     1 ||     5
 Stab: Sleeping          |       |     1 |       ||     1
       Distracted        |       |       |     1 ||     1
  Eat: Chunk             |     1 |     1 |     3 ||     5
       Meat ration       |       |     2 |       ||     2
       Bread ration      |       |       |     3 ||     3
       Beef jerky        |       |       |     1 ||     1
